 Dungeon Crawl Stone Soup version 0.21-a0-616-g6d9b277d69 (webtiles) character file.

121314 4tharraofdagon the Bludgeoner (level 16, 98/134 HPs)
             Began as a Hill Orc Gladiator on Jan 5, 2015.
             Was the Champion of Beogh.
             Quit the game on level 3 of the Depths on Dec 23, 2017.
             The game lasted 03:21:14 (20531 turns).

4tharraofdagon the Bludgeoner (Hill Orc Gladiator) Turns: 20531, Time: 03:21:15

Health: 98/134     AC: 17    Str: 25    XL:     16   Next: 84%
Magic:  14/21      EV: 12    Int: 19    God:    Beogh [******]
Gold:   1432       SH: 22    Dex:  7    Spells: 12/22 levels left

rFire    + . .     SeeInvis +   Q - +3 mace "Peitat" {crush, +Inv +Fly rF+}
rCold    . . .     Gourm    .   K - +2 large shield {rN+}
rNeg     + . .     Faith    +   L - +0 troll leather armour
rPois    .         Spirit   .   G - +1 helmet {SInv}
rElec    .         Reflect  .   c - +0 cloak {+Inv}
rCorr    .         Harm     .   k - +2 pair of gloves
MR       +....                  A - +2 pair of boots of Usofetiedwa {+Fly Int+6 Dex-4}
Stlth    +.........             s - amulet of faith
HPRegen  0.72/turn              Z - +5 ring of strength
MPRegen  0.17/turn              w - +2 ring of evasion

@: no status effects
A: walk on water
a: Smiting, Recall Orcish Followers, Give Item to Named Follower, Resurrection,
Renounce Religion, Evoke Invisibility, Evoke Flight


You were on level 3 of the Depths.
You worshipped Beogh.
Beogh was exalted by your worship.
You were hungry.

You visited 4 branches of the dungeon, and saw 31 of its levels.
You also visited: Sewer, Ossuary, Bailey and Wizlab.

You collected 3777 gold pieces.
You spent 2345 gold pieces at shops.

Inventory:

Hand Weapons
 q - a +1 hammer of protection
 Q - the +3 mace "Peitat" (weapon) {crush, +Inv +Fly rF+}
   (You found it on level 8 of the Lair of Beasts)

   It inflicts extra damage upon your enemies.
   It protects you from fire.
   It lets you turn invisible.
   It lets you fly.
 S - a +0 blowgun
Missiles
 a - 6 curare-tipped needles
Armour
 c - a +0 cloak of invisibility (worn)
 e - the -1 faerie dragon scales {rC+ rN+ rCorr Int+3 Dex-3}
   (You took it off the Enchantress on level 3 of the Depths)

   It affects your intelligence (+3).
   It affects your dexterity (-3).
   It protects you from cold.
   It protects you from negative energy.
   It protects you from acid and corrosion.
 j - the +0 scale mail of the Black Moon {rPois rN+ Str+4}
   (You bought it in a shop on level 3 of the Depths)

   It affects your strength (+4).
   It protects you from poison.
   It protects you from negative energy.
 k - a +2 pair of gloves (worn)
 A - the +2 pair of boots of Usofetiedwa (worn) {+Fly Int+6 Dex-4}
   (You bought it in a shop on level 3 of the Depths)

   It affects your intelligence (+6).
   It affects your dexterity (-4).
   It lets you fly.
 G - a +1 helmet of see invisible (worn)
 K - a +2 large shield of positive energy (worn)
 L - a +0 troll leather armour (worn)
 O - a +2 hat
Rods
 d - a removed rod
Jewellery
 s - an amulet of faith (around neck)
 v - an uncursed ring of protection from fire
 w - a +2 ring of evasion (right hand)
 x - an uncursed ring of see invisible
 C - an uncursed ring of protection from magic
 M - an uncursed amulet of rage
 N - an uncursed ring of teleport control
 Y - an uncursed amulet of nothing
 Z - a +5 ring of strength (left hand)
Wands
 r - a wand of removedness (7)
 D - a wand of digging (20)
Scrolls
 g - 3 scrolls of enchant weapon
 n - a scroll of fear
 y - 9 scrolls of teleportation
 E - 2 scrolls of fog
 J - 2 scrolls of summoning
 X - 7 scrolls of remove curse
Potions
 h - a potion of lignification
 i - 3 potions of haste
 p - 3 potions of berserk rage
 t - a potion of might
 z - 3 potions of restore abilities
 H - 3 potions of cancellation
 I - 4 potions of agility
 U - 9 potions of curing
 V - 2 potions of magic
 W - a potion of brilliance
Books
 b - a book of Spatial Translocations

   Spells                             Type                      Level
   a - Blink                          Translocation                2
   b - Shroud of Golubria             Charms/Translocation         2
   c - Lesser Beckoning               Translocation                3
   d - Gell's Gravitas                Translocation                3
   e - Teleport Other                 Translocation                3
   f - Passage of Golubria            Translocation                4
 m - a book of Control

   Spells                             Type                      Level
   a - Metabolic Englaciation         Hexes/Ice                    5
Miscellaneous
 u - a phial of floods
 B - a lightning rod (1/4)
Comestibles
 f - 12 rations
 l - 17 rations
 o - 3 rations
 R - 3 rations


   Skills:
 - Level 10.1 Fighting
   Level 10.0(15.8) Axes
 * Level 16.8(17.4) Maces & Flails
 - Level 1.7 Throwing
 + Level 13.3 Armour
 - Level 2.4 Dodging
 + Level 14.0 Shields
 - Level 3.7 Spellcasting
 - Level 2.2 Conjurations
 - Level 6.6 Translocations
 - Level 6.3 Invocations
 - Level 3.7 Evocations


You had 12 spell levels left.
You knew the following spells:

 Your Spells              Type           Power        Failure   Level  Hunger
a - Mephitic Cloud        Conj/Pois/Air  #.......     80%         3    ###....
b - Apportation           Tloc           ####..       4%          1    None
c - Blink                 Tloc           N/A          6%          2    ##.....
d - Passage of Golubria   Tloc           N/A          38%         4    ####...


Dungeon Overview and Level Annotations

Branches:
Dungeon (15/15)            Temple (0/1) D:7            Lair (8/8) D:10
 Spider (0/5) Lair:3        Slime (0/6) Lair:7          Orc (4/4) D:11
    Elf (0/3) Orc:4        Vaults (0/5) D:13         Depths (4/5) D:15
  Swamp: Lair:2-4    Shoals: Lair:2-4

Altars:
Ashenzari
Elyvilon
Fedhas
Makhleb
Okawaru
Ru
Sif Muna
Trog
Vehumet
Zin
The Shining One
Beogh
Jiyva
Lugonu

Shops:
D:9 *   D:13 %   Orc:4 %[}}   Depths:1 %   Depths:3 [

Portals:
Hell: Depths:1 Depths:3 Depths:4
Abyss: Depths:2 Depths:4
Pandemonium: Depths:1
Ziggurat: Depths:1
Trove: D:13 (give 6 scrolls of blinking)

Annotations:
D:10 Erica
D:14 Frances
Lair:8 runed door


Message History

Welcome back, 4tharraofdagon the Hill Orc Gladiator.
Beogh says: Drown the unbelievers in a sea of blood!
Press ? for a list of commands and other information.
Unknown command.
Unknown command.
Unknown command.
Unknown command.
Unknown command.
Unknown command.
Unknown command.
Unknown command.
Put on which piece of jewellery? (? for menu, Esc to quit)
Okay, then.
Okay, then.
Search for what [? for help]? statue Can't find anything matching that.
Unknown command.
Unknown command.
Unknown command.
Are you sure you want to abandon this character and quit the game? (Confirm with "yes".)

#...≈##*##≈....###
##..≈##*,*##≈.....#
#...≈≈#,,,*#≈.....#
#...≈#≈.∩.##≈.....#
#...≈##...*#≈.....#
#...≈###.###≈.....#
#....≈#####≈.....>#
#....≈≈###≈≈......#
##.#...≈≈≈≈≈T..T@..#
.../...)...........#
####.##..##.(#.....#
#.#########.....#
#....T..........#
***#..####.###.....######
,.......[..............)##
#########.#############(.#
,,,,,,,,#.*,,,,,,,,,,,#(.#


You could see 2 deep trolls.

Vanquished Creatures
  A fire giant (Depths:4)
  A stone giant (Orc:3)
  A lorocyproca (Depths:2)
  An ettin (D:13)
  A fire dragon (Lair:8)
  An ice dragon (Depths:1)
  3 hydras
  4 centaur warriors
  A death yak (Depths:1)
  A spriggan berserker (Depths:4)
  2 wizards (Depths:1)
  A removed MONS_HILL_GIANT (D:15)
  A manticore (D:15)
  An orc knight (Bailey)
  A draconian (shapeshifter) (D:13)
  A salamander (D:15)
  2 cyclopes (D:13)
  An ugly thing (D:13)
  3 elephants
  4 spiny frogs
  2 torpor snails (Lair:8)
  A komodo dragon (Lair:2)
  Psyche (D:10)
  3 centaur skeletons
  A kobold demonologist (D:12)
  A rime drake (Lair:8)
  2 trolls
  Sonja (D:12)
  A wolf spider simulacrum (D:15)
  Prince Ribbit (D:7)
  3 two-headed ogres
  A blink frog (Lair:5)
  5 slime creatures
  A redback (Depths:4)
  A human (D:7)
  A basilisk (D:15)
  A shadow (D:12)
  A wraith (D:12)
  3 hippogriffs
  A yak (shapeshifter) (D:13)
  A vampire mosquito (D:15)
  8 yaks
  4 wyverns
  A yaktaur simulacrum (Depths:1)
  A swamp worm (D:10)
  2 wolves
  9 orc warriors
  3 spiders
  5 water moccasins
  Purgy (Sewer)
  6 ice beasts
  2 porcupines
  An eye of draining (D:13)
  2 phantoms
  3 sky beasts
  3 removed MONS_WASPs
  6 ogres
  3 boggarts (Depths:1)
  10 centaurs
  Duvessa (D:9)
  4 big kobolds
  10 bullfrogs
  A wyvern skeleton (D:13)
  4 wights
  5 killer bees
  15 scorpions
  Dowan (D:9)
  A crimson imp (D:14)
  A bullfrog zombie (D:7)
  6 centaur zombies
  5 hounds
  4 human zombies (Ossuary)
  13 orc priests
  2 jellies
  4 orc wizards
  11 worker ants
  A killer bee zombie (D:13)
  3 removed
  MONS_SHEEPs (D:7)
  Ijyb (D:2)
  A big kobold zombie (Ossuary)
  A hound skeleton (D:6)
  A worker ant zombie (D:13)
  3 mummies (Ossuary)
  13 adders
  11 river rats
  4 scorpion zombies (Ossuary)
  A removed MONS_GIANT_MITE (D:6)
  A gnoll (D:7)
  4 shadow imps
  7 worms
  4 leopard geckos
  11 orcs
  A bat skeleton (D:4)
  A bat zombie (D:8)
  8 giant cockroaches
  14 hobgoblins
  9 jackals
  19 kobolds
  7 quokkas
  4 ball pythons
  A ballistomycete spore (D:13)
  13 bats
  3 frilled lizards
  11 goblins
  A goblin zombie (Ossuary)
  4 hobgoblin zombies (Ossuary)
  2 kobold zombies (Ossuary)
  An orc zombie (Ossuary)
  2 quokka zombies
  12 rats
  A rat zombie (D:5)
  A ballistomycete (D:7)
  4 fungi
  2 plants
411 creatures vanquished.

Vanquished Creatures (collateral kills)
  Mara (Depths:2)
  A caustic shrike (Depths:4)
  the Enchantress (Depths:3)
  A tentacled monstrosity (Depths:4)
  A titan (Depths:4)
  A deep elf sorcerer (Depths:4)
  A frost giant (Depths:4)
  2 orc warlords
  3 spriggan defenders (Depths:3)
  A very ugly thing (Depths:4)
  3 stone giants
  An entropy weaver (Depths:4)
  A dire elephant (D:15)
  A deep elf death mage (Depths:4)
  2 great orbs of eyes
  A minotaur (Depths:1)
  2 yaktaur captains
  A rakshasa (Depths:1)
  Harold (Lair:1)
  4 hydras
  A centaur warrior (D:14)
  2 ogre magi
  3 spriggan air magi (Depths:3)
  9 death yaks
  A spriggan berserker (Depths:4)
  A tengu warrior (D:15)
  8 hell knights (Depths:3)
  2 orc high priests (Orc:4)
  2 flayed ghosts (Depths:4)
  2 unseen horrors (D:11)
  4 orc knights
  A deep troll (Depths:2)
  4 removed MONS_HILL_GIANTs
  A glowing orange brain (D:15)
  A tengu zombie (Depths:2)
  An ugly thing (Depths:3)
  3 cyclopes
  3 orc sorcerers (Orc:4)
  4 komodo dragons
  7 necromancers
  2 lindwurms (Lair:8)
  2 wolf spiders
  19 elephants
  A removed MONS_GRIFFON (D:14)
  A guardian serpent (Lair:8)
  A hornet (Lair:8)
  14 spiny frogs
  8 black mambas
  2 guardian serpents (shapeshifter)
  A centaur skeleton (D:14)
  4 torpor snails
  A black mamba (shapeshifter) (D:15)
  A kobold demonologist (Depths:2)
  10 yaktaurs
  A jumping spider (Depths:4)
  2 freezing wraiths
  3 rime drakes
  A catoblepas zombie (Depths:1)
  A wind drake (shapeshifter) (Depths:3)
  A troll (D:11)
  3 tyrant leeches (Lair:8)
  7 two-headed ogres
  A removed MONS_BOULDER_BEETLE (Lair:8)
  A polar bear (Lair:6)
  3 removed
  MONS_RAVENs (D:15)
  3 slime creatures
  An ettin zombie (Depths:1)
  A wraith (D:14)
  9 wandering mushrooms (Lair:8)
  24 yaks
  A basilisk (Lair:4)
  A removed MONS_TRAPDOOR_SPIDER (D:14)
  3 air elementals (Depths:3)
  11 blink frogs (Lair:5)
  A redback (Depths:4)
  A snapping turtle (Lair:4)
  5 water elementals (Depths:1)
  4 spriggans (Depths:3)
  Eustachio (D:9)
  A deep elf mage (Depths:1)
  Grum (Orc:1)
  3 hippogriffs
  23 wolves
  3 wargs (Orc:4)
  A vampire mosquito (D:15)
  An acid dragon (D:15)
  A ghost (Depths:4)
  A swamp worm (D:10)
  15 water moccasins
  A sky beast (D:14)
  5 porcupines
  7 spiders
  2 black bears
  2 ice beasts (D:14)
  14 orc warriors
  A phantom (D:12)
  13 ogres
  A spriggan simulacrum (Depths:2)
  A centaur (D:13)
  A necrophage (D:11)
  3 boggarts (Depths:1)
  6 removed MONS_WASPs
  9 crocodiles
  A big kobold (D:12)
  4 removed
  MONS_BRAIN_WORMs (Lair:8)
  9 bullfrogs
  3 scorpions
  3 electric eels
  5 wights
  A crimson imp (D:14)
  2 jellies
  5 orc priests
  A removed MONS_BEETLE (D:11)
  A bullfrog skeleton (D:11)
  6 iguanas
  4 hounds
  4 hell rats (Lair:6)
  2 worker ants
  6 orc wizards
  14 removed MONS_SHEEPs
  47 river rats
  16 adders
  2 shadow imps
  26 worms
  4 ufetubi (Orc:4)
  An adder skeleton (D:9)
  28 orcs
  2 jackals (D:9)
  5 kobolds
  3 quokkas
  5 goblins
  3 orc zombies (Orc:4)
  2 rats
  5 fungi (Lair:6)
  10 plants
593 creatures vanquished.

Vanquished Creatures (others)
  2 orc warlords (Depths:4)
  Urug (D:10)
  An orc high priest (Lair:1)
  7 orc knights
  19 orc warriors
  An orc sorcerer (Orc:4)
  2 tengu conjurers
  A boggart (Depths:1)
  20 orc priests
  18 orc wizards
  A river rat (Lair:1)
  117 orcs
  2 ballistomycete spores
  An orc zombie (Ossuary)
  7 fungi
  5 plants
205 creatures vanquished.

Grand Total: 1209 creatures vanquished

Notes
Turn   | Place    | Note
-------+----------+-------------------------------------------
     0 | D:1      | 4tharraofdagon, the Hill Orc Gladiator, began the quest for the Orb.
     0 | D:1      | Reached XP level 1. HP: 18/18 MP: 1/1
   352 | D:1      | Reached XP level 2. HP: 15/25 MP: 2/2
   737 | D:2      | Found a bloodstained altar of Trog.
   802 | D:2      | Reached XP level 3. HP: 21/30 MP: 3/3
   870 | D:2      | Noticed Ijyb
   887 | D:2      | Killed Ijyb
   887 | D:2      | Reached skill level 5 in Axes
  1078 | D:3      | Reached skill level 1 in Armour
  1363 | D:3      | Reached XP level 4. HP: 38/38 MP: 4/4
  1465 | D:3      | Became a worshipper of Beogh the Brigand
  1740 | D:3      | Reached XP level 5. HP: 46/46 MP: 5/5
  1984 | D:4      | Found a radiant altar of Vehumet.
  2123 | D:4      | Found a glowing golden altar of the Shining One.
  2208 | D:4      | Found a glowing silver altar of Zin.
  2432 | D:5      | Entered Level 5 of the Dungeon
  2493 | D:5      | Reached piety under Beogh
  2525 | D:5      | Found a shattered altar of Ashenzari.
  2564 | D:5      | Found a sand-covered staircase.
  2575 | Ossuary  | Entered an ossuary
  2603 | Ossuary  | Reached skill level 1 in Invocations
  2603 | Ossuary  | Reached XP level 6. HP: 47/53 MP: 5/7
  2969 | Ossuary  | Reached XP level 7. HP: 55/60 MP: 9/9
  2986 | Ossuary  | Reached skill level 5 in Fighting
  3166 | Ossuary  | Reached * piety under Beogh
  3241 | Ossuary  | Reached XP level 8. HP: 39/69 MP: 11/13
  3768 | D:5      | Noticed a water moccasin
  3791 | D:5      | Killed a water moccasin
  4075 | D:6      | HP: 3/70 [orc priest/divine providence (12)]
  4161 | D:6      | Found a glowing drain.
  4165 | Sewer    | Entered a sewer
  4224 | Sewer    | Noticed Purgy
  4245 | Sewer    | Killed Purgy
  4437 | D:6      | Found a white marble altar of Elyvilon.
  4495 | D:6      | Reached ** piety under Beogh
  4495 | D:6      | Reached skill level 5 in Invocations
  4844 | D:7      | Reached skill level 10 in Axes
  4844 | D:7      | Reached skill level 5 in Armour
  4969 | D:7      | Reached skill level 1 in Maces & Flails
  4969 | D:7      | Reached skill level 1 in Shields
  4973 | D:7      | Reached XP level 9. HP: 52/78 MP: 13/17
  5163 | D:7      | Found a burning altar of Makhleb.
  5164 | D:7      | Found an iron altar of Okawaru.
  5165 | D:7      | Found a deep blue altar of Sif Muna.
  5178 | D:7      | Found a staircase to the Ecumenical Temple.
  5238 | D:7      | Noticed Prince Ribbit
  5566 | D:7      | Killed Prince Ribbit
  5854 | D:8      | Reached skill level 5 in Maces & Flails
  5854 | D:8      | Reached skill level 5 in Shields
  5987 | D:8      | Reached XP level 10. HP: 72/88 MP: 18/18
  6095 | D:8      | Reached *** piety under Beogh
  6301 | D:9      | Found a sacrificial altar of Ru.
  6513 | D:9      | Paralysed by a wasp for 2 turns
  6662 | D:9      | Noticed Duvessa
  6662 | D:9      | Noticed Dowan
  6701 | D:9      | Killed Duvessa
  6706 | D:9      | Killed Dowan
  6786 | D:9      | Upgraded the game from 0.16-a0-3496-g6490362 to 0.16-a0-3501-g08befd0
  6963 | D:9      | Gained Bogmar as an ally
  7013 | D:9      | Found Xedimnar's Elemental Accessories.
  7036 | D:9      | Bought a wand of digging (11) for 390 gold pieces
  7053 | D:9      | Noticed Eustachio
  7064 | D:9      | Killed Eustachio
  7113 | D:10     | Entered Level 10 of the Dungeon
  7150 | D:10     | Your ally Bogmar died
  7336 | D:10     | Found a staircase to the Lair.
  7399 | D:10     | Noticed Urug
  7639 | D:10     | Urug (ally) was killed
  7639 | D:10     | Your ally died
  7692 | D:10     | Noticed Psyche
  7696 | D:10     | Paralysed by Psyche for 7 turns
  7713 | D:10     | Killed Psyche
  7720 | D:10     | Got a translucent ring mail
  7800 | D:11     | Gained Bolgrim as an ally
  7985 | D:11     | Reached XP level 11. HP: 97/97 MP: 19/19
  8001 | D:11     | Reached **** piety under Beogh
  8025 | D:11     | Found a staircase to the Orcish Mines.
  8026 | D:11     | Found a roughly hewn altar of Beogh.
  8101 | D:11     | Identified the cursed -4 ring mail of the Boiling Point {MR+ SInv Curse} (You found it on level 10 of the Dungeon)
  8182 | D:11     | Killed an unseen horror
  8226 | D:11     | Gained Bogrim as an ally
  8325 | D:11     | Noticed a cyclops
  8330 | D:11     | Killed an unseen horror
  8348 | D:11     | Your ally Bolgrim died
  8356 | D:11     | Killed a cyclops
  8368 | D:11     | Noticed a hill giant
  8381 | D:11     | Killed a hill giant
  8608 | D:12     | Gained Brandogh as an ally
  8622 | D:12     | Noticed Sonja
  8629 | D:12     | Killed Sonja
  8645 | D:12     | Your ally Bogrim died
  8697 | D:12     | Your ally Brandogh died
  8830 | D:12     | Found a roughly hewn altar of Beogh.
  8943 | D:12     | Noticed a six-headed hydra
  8959 | D:12     | Noticed a sun demon
  9030 | D:12     | Noticed a soul eater
  9063 | D:10     | Noticed Erica
  9307 | D:11     | Noticed a hill giant
 10287 | D:13     | Found Kheo's Food Emporium.
 10336 | D:13     | Gained mutation: You are clumsy. (Dex -2) [mutagenic meat]
 10337 | D:13     | Gained mutation: Your muscles are strong. (Str +2) [mutagenic meat]
 10338 | D:13     | Gained mutation: Your magical capacity is low. (-10% MP) [mutagenic meat]
 10427 | D:13     | Reached skill level 10 in Fighting
 10477 | D:14     | Gained Gorg as an ally
 10499 | D:14     | Noticed a hill giant
 10501 | D:14     | Killed a hill giant
 10504 | D:14     | Got a sparkling silver ring
 10618 | D:14     | Identified the ring "Ixzuta" {Str+2 Dex+1} (You found it on level 14 of the Dungeon)
 10643 | D:14     | Found a flagged portal.
 10654 | Bailey   | Entered a bailey
 10654 | Bailey   | Noticed an orc knight
 10654 | Bailey   | Noticed an orc knight
 10654 | Bailey   | Noticed an orc knight
 10668 | Bailey   | Noticed an orc knight
 10675 | Bailey   | Reached XP level 12. HP: 106/106 MP: 14/18
 10701 | Bailey   | Learned a level 3 spell: Mephitic Cloud
 10716 | Bailey   | an orc knight (ally) was killed
 10728 | Bailey   | an orc knight (ally) was killed
 10822 | Bailey   | Killed an orc knight
 10822 | Bailey   | Reached skill level 1 in Spellcasting
 10822 | Bailey   | Reached skill level 1 in Conjurations
 10837 | Bailey   | Killed an orc knight
 10837 | Bailey   | Gained Arbolt as an ally
 10998 | D:14     | Reached skill level 10 in Maces & Flails
 11000 | D:14     | Noticed a centaur warrior
 11007 | D:14     | Killed a centaur warrior
 11099 | D:13     | Your ally Arbolt died
 11103 | D:14     | Reached skill level 10 in Shields
 11145 | D:14     | Noticed Frances
 11253 | D:14     | Noticed a harpy
 11257 | D:14     | a harpy changed into a guardian serpent
 11354 | D:15     | Entered Level 15 of the Dungeon
 11354 | D:15     | Noticed a centaur warrior
 11386 | D:15     | Killed a centaur warrior
 11406 | D:15     | Found a labyrinth entrance.
 11560 | D:15     | Noticed a centaur warrior
 11567 | D:15     | Your ally Gorg died
 11580 | D:15     | Killed a centaur warrior
 11580 | D:15     | Reached skill level 11 in Maces & Flails
 11589 | D:15     | Found a blossoming altar of Fedhas.
 11779 | D:15     | Found a staircase to the Depths.
 11779 | D:15     | Noticed a dire elephant
 12372 | D:13     | Noticed a four-headed hydra
 12385 | D:13     | Found a portal to a secret trove of treasure.
 12418 | D:12     | Gained mutation: You tend to lose your temper in combat. [mutagenic meat]
 12523 | D:12     | Reached skill level 12 in Maces & Flails
 12609 | D:13     | Noticed a centaur warrior
 12630 | D:13     | Killed a centaur warrior
 12630 | D:13     | Reached skill level 10 in Armour
 12630 | D:13     | Reached XP level 13. HP: 95/113 MP: 18/18
 12681 | D:13     | Noticed a centaur warrior
 12691 | D:13     | Killed a centaur warrior
 12691 | D:13     | Gained Boldo as an ally
 12720 | D:13     | Killed a four-headed hydra
 12748 | D:13     | Found a gate to the Vaults.
 12748 | D:13     | Noticed an ettin
 12766 | D:13     | Killed an ettin
 13046 | Orc:1    | Entered Level 1 of the Orcish Mines
 13046 | Orc:1    | Noticed Grum
 13056 | Orc:1    | Killed Grum
 13273 | Orc:2    | Gained Bogbrand as an ally
 13297 | Orc:2    | Found an iron altar of Okawaru.
 13504 | Orc:4    | Entered Level 4 of the Orcish Mines
 13529 | Orc:4    | Found a staircase to the Elven Halls.
 13633 | Orc:4    | Noticed an orc warlord
 13642 | Orc:4    | Your ally Bogbrand died
 13653 | Orc:4    | Killed an orc warlord
 13653 | Orc:4    | Reached skill level 13 in Maces & Flails
 13657 | Orc:4    | Gained Morbeogh as an ally
 13986 | Orc:4    | Found Chiod's Gadget Shoppe.
 13986 | Orc:4    | Found Haodeif's Antique Armour Shoppe.
 13989 | Orc:4    | Found Mavekh's Gadget Shop.
 13989 | Orc:4    | Found Cuoruoba's Food Shop.
 13993 | Orc:4    | Gained Olfik as an ally
 14002 | Orc:4    | Bought an embroidered cloak for 148 gold pieces
 14013 | Orc:4    | Bought a glowing cloak for 148 gold pieces
 14013 | Orc:4    | Bought a runed helmet for 148 gold pieces
 14044 | Orc:4    | Bought a wand of heal wounds (7) for 924 gold pieces
 14172 | Orc:3    | Noticed a stone giant
 14180 | Orc:3    | Killed a stone giant
 14563 | Lair:1   | Entered Level 1 of the Lair of Beasts
 14668 | Lair:1   | Noticed Harold
 14687 | Lair:1   | Your ally Olfik died
 14719 | Lair:1   | Killed Harold
 14949 | Lair:2   | Learned a level 1 spell: Apportation
 14952 | Lair:2   | Learned a level 2 spell: Blink
 15217 | Lair:3   | Found a hole to the Spider Nest.
 15430 | Lair:4   | Reached skill level 14 in Maces & Flails
 15552 | Lair:4   | Found a staircase to the Shoals.
 15790 | Lair:6   | Gained Orbeogh as an ally
 16035 | Lair:7   | Reached skill level 1 in Translocations
 16081 | Lair:7   | Reached XP level 14. HP: 99/121 MP: 19/19
 16229 | Lair:7   | Found a staircase to the Slime Pits.
 16229 | Lair:7   | Found a viscous altar of Jiyva.
 16409 | Lair:8   | Entered Level 8 of the Lair of Beasts
 16809 | Lair:8   | Got a steaming mace
 16810 | Lair:8   | Identified the cursed +3 mace "Peitat" {crush, +Inv +Fly rF+} (You found it on level 8 of the Lair of Beasts)
 17004 | Lair:8   | Identified a +0 rod of shadows (11/11) (You found it on level 4 of the Lair of Beasts)
 17073 | Lair:8   | Reached skill level 15 in Maces & Flails
 17236 | Lair:8   | Found a runed door.
 17788 | Lair:5   | Reached XP level 15. HP: 126/126 MP: 19/22
 18399 | D:15     | Killed a dire elephant
 18411 | D:15     | Noticed an eight-headed hydra
 18416 | D:15     | Killed an eight-headed hydra
 18416 | D:15     | Reached skill level 5 in Translocations
 18456 | Depths:1 | Entered Level 1 of the Depths
 18589 | Depths:1 | Found a gateway to Hell.
 18630 | Depths:1 | Found a one-way gate leading to the halls of Pandemonium.
 18680 | Depths:1 | Found Pleppe's Food Emporium.
 18698 | Depths:1 | Noticed a fire giant
 18699 | Depths:1 | Noticed a frost giant
 18703 | Depths:1 | Noticed a fire giant
 18713 | Depths:1 | Reached XP level 16. HP: 134/134 MP: 22/22
 18874 | Depths:1 | Found a corrupted altar of Lugonu.
 18914 | Depths:1 | Found a gateway to a ziggurat.
 19127 | Depths:2 | Found a one-way gate to the infinite horrors of the Abyss.
 19153 | Depths:2 | Noticed Mara
 19206 | Depths:1 | Upgraded the game from 0.16-a0-3501-g08befd0 to 0.16-a0-3521-gb1b4986
 19206 | Depths:1 | Upgraded the game from 0.16-a0-3521-gb1b4986 to 0.16-a0-3533-gc382f62
 19206 | Depths:1 | Upgraded the game from 0.16-a0-3533-gc382f62 to 0.16-a0-3712-g87ae24a
 19206 | Depths:1 | Upgraded the game from 0.16-a0-3712-g87ae24a to 0.16-a0-3972-g91ea21f
 19209 | Depths:1 | Upgraded the game from 0.16-a0-3972-g91ea21f to 0.16-a0-3994-gbbee317
 19209 | Depths:1 | Upgraded the game from 0.16-a0-3994-gbbee317 to 0.17-a0-4-gb793c6d
 19230 | Depths:2 | Noticed 4tharraofdagon's illusion
 19233 | Depths:2 | Killed Mara
 19308 | Depths:2 | Noticed a sphinx
 19345 | Depths:3 | Lost mutation: You are clumsy. (Dex -2) [potion of cure mutation]
 19345 | Depths:3 | Lost mutation: Your muscles are strong. (Str +2) [potion of cure mutation]
 19345 | Depths:3 | Lost mutation: You tend to lose your temper in combat. [potion of cure mutation]
 19345 | Depths:3 | Lost mutation: Your magical capacity is low. (-10% MP) [potion of cure mutation]
 19451 | Depths:3 | Found a magical portal.
 19461 | WizLab   | Entered Iskenderun's Mystic Tower
 19473 | Depths:3 | Upgraded the game from 0.17-a0-4-gb793c6d to 0.17-a0-737-gf0a300a
 19586 | Depths:3 | Upgraded the game from 0.17-a0-737-gf0a300a to 0.17-a0-1403-g9df874c
 19586 | Depths:3 | Upgraded the game from 0.17-a0-1403-g9df874c to 0.17-a0-1634-g6672d08
 19586 | Depths:3 | Upgraded the game from 0.17-a0-1634-g6672d08 to 0.17-a0-1719-g1afd5a1
 19586 | Depths:3 | Upgraded the game from 0.17-a0-1719-g1afd5a1 to 0.17-a0-1733-ge90ece9
 19586 | Depths:3 | Reduced skill Throwing to level 1
 19586 | Depths:3 | Upgraded the game from 0.17-a0-1733-ge90ece9 to 0.18-a0-63-g789eb7d
 19586 | Depths:3 | Upgraded the game from 0.18-a0-63-g789eb7d to 0.18-a0-853-gfe32976
 19596 | Depths:3 | Found Hugoev's Antique Armour Shoppe.
 19606 | Depths:3 | Learned a level 4 spell: Passage of Golubria
 19633 | Depths:3 | Bought a pair of scorched boots for 199 gold pieces
 19633 | Depths:3 | Bought a twisted chain mail for 199 gold pieces
 19633 | Depths:3 | Bought a pitted scale mail for 189 gold pieces
 19652 | Depths:3 | Reached skill level 16 in Maces & Flails
 19664 | Depths:3 | Identified the +2 pair of boots of Usofetiedwa {+Fly Int+6 Dex-4} (You bought it in a shop on level 3 of the Depths)
 19670 | Depths:3 | Identified the +2 chain mail of Osywkoom {rC+ MR- Str+2} (You bought it in a shop on level 3 of the Depths)
 19683 | Depths:3 | Identified the +0 scale mail of the Black Moon {rPois rN+ Str+4} (You bought it in a shop on level 3 of the Depths)
 19700 | Depths:3 | Noticed the Enchantress
 19709 | Depths:3 | Killed the Enchantress
 19718 | Depths:3 | HP: 5/134 [spriggan air mage/bolt of lightning[the Enchantress] (32)]
 19734 | Depths:3 | Got a faerie dragon armour
 19759 | Depths:3 | Identified the -1 faerie dragon armour {rC+ rN+ rCorr Int+3 Dex-3} (You took it off the Enchantress on level 3 of the Depths)
 19759 | Depths:3 | Your ally Boldo died
 19869 | Depths:3 | Upgraded the game from 0.18-a0-853-gfe32976 to 0.20-a0-471-g521e6c5
 19927 | Depths:4 | Upgraded the game from 0.20-a0-471-g521e6c5 to 0.20-a0-723-gf57855b
 20108 | Depths:4 | Upgraded the game from 0.20-a0-723-gf57855b to 0.20-a0-940-g1ecfa5a
 20108 | Depths:4 | Upgraded the game from 0.20-a0-940-g1ecfa5a to 0.20-a0-1023-gc4d110f
 20108 | Depths:4 | Upgraded the game from 0.20-a0-1023-gc4d110f to 0.20-a0-1061-gbbf974c
 20111 | Depths:4 | Upgraded the game from 0.20-a0-1061-gbbf974c to 0.21-a0-591-g2314aa112c
 20372 | Depths:4 | Noticed a titan
 20374 | Depths:4 | Killed a titan
 20378 | Depths:4 | Noticed a tentacled monstrosity
 20381 | Depths:4 | Killed a tentacled monstrosity
 20411 | Depths:4 | Noticed a caustic shrike
 20417 | Depths:4 | Your ally Orbeogh died
 20421 | Depths:4 | Killed a caustic shrike
 20446 | Depths:4 | Noticed a tentacled monstrosity
 20457 | Depths:4 | Your ally Morbeogh died
 20459 | Depths:4 | Noticed a titan
 20531 | Depths:3 | Upgraded the game from 0.21-a0-591-g2314aa112c to 0.21-a0-616-g6d9b277d69
 20531 | Depths:3 | Quit the game

Vault maps used:
D:1:      dpeg_arrival_rooms_a
D:2:      bloody_trog, first_bread, uniq_crazy_yiuf_cottage, uniq_iyjb
D:3:      overflow_temple_1_default, minmay_misc_feat_rows
D:4:      kennysheep_mini, lemuel_coloured_pillars_altar,
          overflow_temple_1_default
D:5:      lemuel_doored_altar, enter_ossuary_4, serial_aquarium,
          aquarium_bridge_island_small, aquarium_window_2, aquarium_window_fake,
          aquarium_window_1, aquarium_window_fake, aquarium_view_2a,
          aquarium_pool_1
D:6:      lemuel_round_altar, gup_sewer_entry_bowl, minmay_misc_feat_doors,
          abandoned_shop
D:7:      minitemple, minmay_temple_entry_hall, grunt_livestock,
          uniq_prince_ribbit1
D:9:      nicolae_ru_great_annihilating_truth, nicolae_elemental_shop,
          uniq_duvessa, uniq_eustachio
D:10:     dpeg_oklobed_lair, worms_lemuel, uniq_urug, uniq_erica, uniq_psyche
D:11:     david_orc_5, kennysheep_generic_room_8
D:12:     spider_trap, baited_tele_trap, uniq_sonja
D:13:     david_vaults_4, serial_shops, nicolae_shop_crystal, enter_trove_2
D:14:     minmay_misc_feat_secret_circle, enter_bailey_8, uniq_frances
D:15:     hangedman_depths_entry_try_elsewhere_first, lab_entry_generic,
          fedhas_altar_3
Lair:1:   lemuel_fruit_tree, infiniplex_staircase_pool, lemuel_fruit_fields,
          uniq_harold
Lair:3:   spider_nest_entry_rubble
Lair:4:   minmay_shoals_entry_hut
Lair:5:   swamp_mist_pool, minivault_25, grunt_megastairs_2
Lair:7:   slime_altar_1, serial_bayou_shore_a
Lair:8:   wormcave, hangedman_lair_tendril_chambers, fungi_pond_lemuel,
          st_stairs_6, serial_bayou_pond_c, minivault_26
Orc:1:    uniq_grum
Orc:2:    basic_altar
Orc:3:    nicolae_orc_pool_cavern
Orc:4:    st_orc_elflike
Depths:1: enter_ziggurat_b, pan_entry, serial_shops, shop, hell_entry,
          minmay_misc_feat_columns, tgw_lugonu_bribe
Depths:2: minmay_quarter_circles, hangedman_decor_peaks_small, abyss_entry,
          grunt_pan_entry_spiral, hell_entry, serial_sigils_hangedman_scar,
          nrook_kobold_shadow_demons, uniq_mara
Depths:3: evilmike_diamond_2, serial_shops, shop, mu_enter_wizlab_5,
          abyss_entry, rand_demon_pan_entry_4, pf_coc_iceberg,
          roderic_lattice_a, columned_hall_lemuel, uniq_enchantress
Depths:4: angbandy_vault, rand_demon_pan_entry_1, abyss_entry,
          pf_vacation_house_of_asmodeus, minmay_curled_crystal,
          infiniplex_staircase_spiral_double
Sewer:    sewer_the_crocodile
Ossuary:  ossuary_minmay_scorpions
Bailey:   bailey_polearm_4, bailey
WizLab:   wizlab_iskenderun

Skill      XL: |  1  2  3  4  5  6  7  8  9 10 11 12 13 14 15 16 |
---------------+-------------------------------------------------+-----
Axes           | 5 6 7 8 10 | 10.0
Armour         | 1 5 10 13 | 13.3
Invocations    | 1 5 |  6.3
Fighting       | 5 10 | 10.1
Maces & Flails | 1 5 12 14 15 16 | 16.8
Shields        | 1 5 10 14 | 14.0
Spellcasting   | 1 |  3.7
Conjurations   | 1 |  2.2
Translocations | 1 5 |  6.6
Throwing       | 1 |  1.7
Dodging        | |  2.4
Evocations     | |  3.7

Action                   |  1- 3 |  4- 6 |  7- 9 | 10-12 | 13-15 | 16-18 || total
-------------------------+-------+-------+-------+-------+-------+-------++-------
Melee: War axe           |   117 |   175 |   138 |       |       |       ||   430
       Hammer            |       |       |   454 |  1085 |       |       ||  1539
       Flail             |       |       |       |   255 |   366 |       ||   621
       Mace              |       |       |       |       |   192 |    46 ||   238
       Mace              |       |       |       |       |       |    47 ||    47
 Fire: Blowgun           |       |       |     2 |       |       |       ||     2
       Arbalest          |       |       |       |    15 |       |       ||    15
Throw: Throwing net      |     4 |     8 |     6 |       |       |       ||    18
       Javelin           |       |       |    16 |    17 |       |       ||    33
Invok: Convert to Beogh  |       |     1 |       |       |       |       ||     1
       Smiting           |       |       |     9 |    26 |     5 |     6 ||    46
       Recall Orcish Fol |       |       |       |     5 |    12 |    11 ||    28
       Give Item to Name |       |       |       |       |     3 |       ||     3
       Stop Recall       |       |       |       |       |     4 |     2 ||     6
       Smiting           |       |       |       |       |       |     8 ||     8
       Recall Orcish Fol |       |       |       |       |       |     2 ||     2
Evoke: Club              |       |     1 |     6 |     4 |       |       ||    11
       Whip              |       |       |       |       |     1 |       ||     1
       Lightning rod     |       |       |       |       |       |     3 ||     3
  Use: Scroll            |     5 |     3 |     5 |    24 |    11 |     4 ||    52
       Potion            |       |       |     9 |     7 |     1 |     4 ||    21
       Scroll            |       |       |       |       |       |     3 ||     3
 Stab: Held in net/web   |     1 |     1 |     2 |       |       |       ||     4
       Distracted        |       |       |       |     7 |     6 |     1 ||    14
       Paralysed         |       |       |       |     2 |       |       ||     2
  Eat: Chunk             |     2 |     5 |    10 |    24 |    23 |     4 ||    68
       Buggy fruit       |       |     3 |       |     4 |     1 |       ||     8
       Buggy fruit       |       |       |     1 |       |       |       ||     1
       Buggy fruit       |       |       |       |     4 |     2 |     1 ||     7
       Chunk             |       |       |       |       |       |     2 ||     2
Armor: Troll leather arm |       |       |       |       |       |    11 ||    11
Dodge: Dodged            |       |       |       |       |       |    12 ||    12
Block: Large shield      |       |       |       |       |       |    48 ||    48

Table legend:
 A = Spawn XP
 B = Non-spawn XP
 C = Spawn XP percentage of total XP
 D = Spawn monster count
 E = Non-spawn monster count
 F = Spawn count percentage of total count
 G = Total turns spent on level
                    A         B        C        D         E        F      G
               +---------+---------+-------+---------+---------+-------+---------
         Total |       0 |       0 |   N/A |       0 |       0 |   N/A |   420
               +---------+---------+-------+---------+---------+-------+---------
               +---------+---------+-------+---------+---------+-------+---------

Vault maps used:
D:1:      dpeg_arrival_rooms_a
D:2:      bloody_trog, first_bread, uniq_crazy_yiuf_cottage, uniq_iyjb
D:3:      overflow_temple_1_default, minmay_misc_feat_rows
D:4:      kennysheep_mini, lemuel_coloured_pillars_altar,
          overflow_temple_1_default
D:5:      lemuel_doored_altar, enter_ossuary_4, serial_aquarium,
          aquarium_bridge_island_small, aquarium_window_2, aquarium_window_fake,
          aquarium_window_1, aquarium_window_fake, aquarium_view_2a,
          aquarium_pool_1
D:6:      lemuel_round_altar, gup_sewer_entry_bowl, minmay_misc_feat_doors,
          abandoned_shop
D:7:      minitemple, minmay_temple_entry_hall, grunt_livestock,
          uniq_prince_ribbit1
D:9:      nicolae_ru_great_annihilating_truth, nicolae_elemental_shop,
          uniq_duvessa, uniq_eustachio
D:10:     dpeg_oklobed_lair, worms_lemuel, uniq_urug, uniq_erica, uniq_psyche
D:11:     david_orc_5, kennysheep_generic_room_8
D:12:     spider_trap, baited_tele_trap, uniq_sonja
D:13:     david_vaults_4, serial_shops, nicolae_shop_crystal, enter_trove_2
D:14:     minmay_misc_feat_secret_circle, enter_bailey_8, uniq_frances
D:15:     hangedman_depths_entry_try_elsewhere_first, lab_entry_generic,
          fedhas_altar_3
Lair:1:   lemuel_fruit_tree, infiniplex_staircase_pool, lemuel_fruit_fields,
          uniq_harold
Lair:3:   spider_nest_entry_rubble
Lair:4:   minmay_shoals_entry_hut
Lair:5:   swamp_mist_pool, minivault_25, grunt_megastairs_2
Lair:7:   slime_altar_1, serial_bayou_shore_a
Lair:8:   wormcave, hangedman_lair_tendril_chambers, fungi_pond_lemuel,
          st_stairs_6, serial_bayou_pond_c, minivault_26
Orc:1:    uniq_grum
Orc:2:    basic_altar
Orc:3:    nicolae_orc_pool_cavern
Orc:4:    st_orc_elflike
Depths:1: enter_ziggurat_b, pan_entry, serial_shops, shop, hell_entry,
          minmay_misc_feat_columns, tgw_lugonu_bribe
Depths:2: minmay_quarter_circles, hangedman_decor_peaks_small, abyss_entry,
          grunt_pan_entry_spiral, hell_entry, serial_sigils_hangedman_scar,
          nrook_kobold_shadow_demons, uniq_mara
Depths:3: evilmike_diamond_2, serial_shops, shop, mu_enter_wizlab_5,
          abyss_entry, rand_demon_pan_entry_4, pf_coc_iceberg,
          roderic_lattice_a, columned_hall_lemuel, uniq_enchantress
Depths:4: angbandy_vault, rand_demon_pan_entry_1, abyss_entry,
          pf_vacation_house_of_asmodeus, minmay_curled_crystal,
          infiniplex_staircase_spiral_double
Sewer:    sewer_the_crocodile
Ossuary:  ossuary_minmay_scorpions
Bailey:   bailey_polearm_4, bailey
WizLab:   wizlab_iskenderun
